 Dungeon Crawl Stone Soup version 0.29.1-2-gbd0b4ee654 (webtiles) character file.

Game seed: 9253545029602097210

23 qeuew the Sneak (level 2, -1/13 HPs)
             Began as a Spriggan Enchanter on Nov 11, 2022.
             Slain by a quokka (5 damage)
             ... on level 1 of the Dungeon.
             The game lasted 00:00:53 (474 turns).

qeuew the Sneak (Spriggan Enchanter)                 Turns: 474, Time: 00:00:54

Health: -1/13      AC:  2    Str:  4    XL:     2   Next: 75%
Magic:  1/7        EV: 17    Int: 16    God:
Gold:   30         SH:  0    Dex: 15    Spells: 5/7 levels left

rFire   . . .      SeeInvis +   a - +1 dagger
rCold   . . .      Faith    .   (no shield)
rNeg    . . .      Spirit   .   b - +0 robe
rPois   .          Reflect  .   (helmet restricted)
rElec   .          Harm     .   (no cloak)
rCorr   .          Rampage  .   (gloves unavailable)
Will    .....                   (boots unavailable)
Stlth   +++.......              (no amulet)
HPRegen 0.04/turn               (no ring)
MPRegen 0.10/turn               (no ring)

@: very slightly contaminated, very quick
A: very small, no large weapons, unfitting armour, see invisible, speed 3
a: no special abilities


You were on level 1 of the Dungeon.
You visited 1 branch of the dungeon, and saw 1 of its levels.

You collected 30 gold pieces.

Inventory:

Hand Weapons
 a - a +1 dagger (weapon)
Armour
 b - a +0 robe (worn)
Jewellery
 e - a ring of ice
Scrolls
 f - a scroll of amnesia {unknown}
 g - a scroll of teleportation {unknown}
 h - a scroll of vulnerability {unknown}
Potions
 c - 2 potions of invisibility
 d - a potion of curing {unknown}


   Skills:
 + Level 1.6 Short Blades
 + Level 3.0 Dodging
 * Level 5.0 Stealth
 + Level 3.0 Spellcasting
 + Level 3.9 Hexes


You had 5 spell levels left.
You knew the following spells:

 Your Spells              Type           Power      Damage    Failure   Level
a - Ensorcelled Hibernat  Hex/Ice        16%        N/A       13%         2

Your spell library contained the following spells:

 Spells                   Type           Power      Damage    Failure   Level
 Confusing Touch          Hex            14%        N/A       12%         3
 Tukima's Dance           Hex            14%        N/A       12%         3
 Dazzling Flash           Conj/Hex       16%        N/A       26%         3
 Static Discharge         Conj/Air       2%         3-4/arc   28%         2
 Lightning Bolt           Conj/Air       1%         1d12      99%         5
 Maxwell's Capacitive Co  Air            1%         ∞         100%        8


Dungeon Overview and Level Annotations

Branches:
Dungeon (1/15)

Altars:


Innate Abilities, Weirdness & Mutations

You are very small and have problems with some larger weapons.
You are too small for most types of armour.
You have supernaturally acute eyesight. (SInv)
You cover ground extremely quickly. (Speed+++)


Message History

You are too injured to fight recklessly!
You are too injured to fight recklessly!
You are too injured to fight recklessly!
You are too injured to fight recklessly!
You see here a bat corpse.
Aiming: Ensorcelled Hibernation (safe; 13% risk of failure)
Press: ? - help, Q - select action Shift-Dir - straight line, f - giant cockroach
Aim: a giant cockroach (chance to affect: 59%)
You miscast Ensorcelled Hibernation.
You are very lightly contaminated with residual magic.
Nothing appears to happen.
The giant cockroach completely misses you.
Aiming: Ensorcelled Hibernation (safe; 13% risk of failure)
Press: ? - help, Q - select action Shift-Dir - straight line, f/p - giant cockroach
Aim: a giant cockroach (chance to affect: 59%)
You miscast Ensorcelled Hibernation.
Nothing appears to happen.
The giant cockroach closely misses you.
Aiming: Ensorcelled Hibernation (safe; 13% risk of failure)
Press: ? - help, Q - select action Shift-Dir - straight line, f/p - giant cockroach
Aim: a giant cockroach (chance to affect: 59%)
The giant cockroach resists with significant effort.
The giant cockroach bites you but does no damage.
You hit the giant cockroach but do no damage.
The giant cockroach closely misses you.
You hit the giant cockroach.
The giant cockroach is heavily wounded.
The giant cockroach completely misses you.
You hit the giant cockroach.
You kill the giant cockroach!
You barely miss the quokka. The quokka misses you.
You hit the quokka.
The quokka is lightly wounded.
The quokka completely misses you.
You barely miss the quokka.
The quokka is lightly wounded.
The quokka misses you.
You hit the quokka.
The quokka is heavily wounded.
The quokka bites you.
You die...

#....# #..........# ## #....#
#..........# .#### ####....#
#..........# ....###.....).#
#..........# ###.##..##..>.#
#..........# #.##.###....#
#.†........# #.#..# ###.##
##.†........#
#.#.#####...###...........#
#....[......Br@...........#
#......)....##.##############
..##.......##..# ##
##.....#...## ........†##
.....#...r.#
...........).....#
#..#..#.).........# ..
#............


You could see a quokka and a giant cockroach.

Vanquished Creatures
  2 bats (D:1)
  3 giant cockroaches (D:1)
  3 goblins (D:1)
  5 jackals (D:1)
  2 kobolds (D:1)
  A quokka (D:1)
  A ball python (D:1)
  A rat (D:1)
18 creatures vanquished.

Notes
Turn   | Place    | Note
-------+----------+-------------------------------------------
     0 | D:1      | qeuew the Spriggan Enchanter began the quest for the Orb.
     0 | D:1      | Reached XP level 1. HP: 9/9 MP: 5/5
   179 | D:1      | Reached XP level 2. HP: 13/13 MP: 6/6
   182 | D:1      | Learned a level 2 spell: Ensorcelled Hibernation
   453 | D:1      | Reached skill level 5 in Stealth
   474 | D:1      | Slain by a quokka

Illustrated notes

Levels and vault maps discovered:
D:1:      beargit_arrival_greenhouse, layout_rooms

Skill      XL: |  1  2 |
---------------+-------+-----
Dodging        | 3 |  3.0
Stealth        | 5 |  5.0
Spellcasting   | 3 |  3.0
Short Blades   | |  1.6
Hexes          | |  3.9

Action                   || total
-------------------------++-------
Melee: Dagger            ||    86
       Punch             ||     1
 Cast: Ensorcelled Hiber ||     1
 Stab: Sleeping          ||     2
Armor: Robe              ||    18
Dodge: Dodged            ||    84
